 Dungeon Crawl Stone Soup version 0.20.1-1-g8b1a95d (webtiles) character file.

462 gobwax the Conjurer (level 6, -3/45 HPs)
             Began as a Draconian Conjurer on Sept 9, 2017.
             Killed from afar by Ijyb (24 damage)
             ... with a wand of acid (?/15)
             ... on level 4 of the Dungeon.
             The game lasted 00:09:28 (3689 turns).

gobwax the Conjurer (Draconian Conjurer)            Turns: 3689, Time: 00:09:29

Health: -3/45      AC:  2    Str: 10    XL:     6   Next: 79%
Magic:  2/12       EV: 12    Int: 18    God:
Gold:   94         SH:  0    Dex: 13    Spells: 3/13 levels left

rFire    + . .     SeeInvis .   (no weapon)
rCold    . . .     Gourm    .   (no shield)
rNeg     . . .     Faith    .   (armour unavailable)
rPois    .         Spirit   .   (helmet restricted)
rElec    .         Reflect  .   (no cloak)
rCorr    .         Harm     .   (no gloves)
MR       .....                  (no boots)
Stlth    +++.......             (no amulet)
Regen    0.2/turn               h - ring of stealth
MPRegen  0.2/turn               (no ring)

@: corroded, very slightly contaminated
A: unfitting armour, hooves 2, agile 1, fire resistance 1, cold-blooded, AC +6
a: no special abilities


You were on level 4 of the Dungeon.
You were not hungry.

You visited 1 branch of the dungeon, and saw 4 of its levels.

You collected 94 gold pieces.

Inventory:

Missiles
 g - 7 tomahawks (quivered)
Jewellery
 e - an uncursed amulet of guardian spirit {unknown}
 h - a ring of stealth (left hand)
 t - a cursed ring of teleportation {unknown}
Scrolls
 i - a scroll of magic mapping {unknown}
 j - a scroll of blinking {unknown}
 k - 2 scrolls of remove curse {unknown}
 l - a scroll of fog {unknown}
 o - 4 scrolls of enchant weapon {unknown}
 p - 2 scrolls of recharging {unknown}
 r - 2 scrolls of identify {unknown}
 s - a scroll of enchant armour {unknown}
Potions
 c - 2 potions of heal wounds {unknown}
 d - 2 potions of might {unknown}
 f - a potion of magic {unknown}
 m - a potion of flight
Books
 a - a book of Conjurations

   Spells                             Type                      Level
   a - Magic Dart                     Conjuration                  1
   b - Searing Ray                    Conjuration                  2
   c - Dazzling Spray                 Conjuration/Hexes            3
   d - Fulminant Prism                Conjuration/Hexes            4
   e - Force Lance                    Conjuration/Translocation    4
   f - Iskenderun's Mystic Blast      Conjuration                  4
Comestibles
 b - 5 bread rations
 n - a royal jelly
 q - 3 fruits


   Skills:
 - Level 1.9 Dodging
 - Level 2.5 Stealth
 - Level 0.6 Unarmed Combat
 + Level 4.3 Spellcasting
 + Level 6.6 Conjurations


You had 3 spell levels left.
You knew the following spells:

 Your Spells              Type           Power        Failure   Level  Hunger
a - Magic Dart            Conj           ####         1%          1    None
b - Searing Ray           Conj           ####..       1%          2    ##.....
c - Dazzling Spray        Conj/Hex       ###...       11%         3    ###....
d - Iskenderun's Mystic   Conj           ####....     10%         4    ####...


Dungeon Overview and Level Annotations

Branches:
Dungeon (4/15)
 Temple: D:4-7

Altars:
Fedhas
Kikubaaqudgha
Okawaru
Qazlal

Annotations:
D:4 Ijyb


Innate Abilities, Weirdness & Mutations

Your plain brown scales are hard. (AC +6)
You cannot fit into any form of body armour.
You are cold-blooded and may be slowed by cold attacks.
You have hoof-like feet.
You are agile. (Dex +2)
Your flesh is heat resistant. (rF+)


Message History

Press: ? - help, Shift-Dir - straight line, f/p - Ijyb
Aim: Ijyb, wearing a leather armour (lightly wounded)
You miscast Dazzling Spray.
You are very lightly contaminated with residual magic.
You feel a bit tired.
Ijyb zaps a wand.
The bolt of acid hits you! The acid corrodes you!
You are splashed with acid!
The acid burns!
It is a wand of acid (?/15).
Casting: Dazzling Spray
Confirm with . or Enter, or press ? or * to list all spells.
Aiming: Dazzling Spray
Press: ? - help, Shift-Dir - straight line, f/p - Ijyb
Aim: Ijyb, wearing a leather armour and carrying a wand of acid (?/15) {zapped: 1} (lightly wounded)
The spray of energy hits Ijyb.
Ijyb is moderately wounded.
Ijyb is dazzled.
Ijyb zaps a wand.
The bolt of acid misses you.
You closely miss Ijyb.
Your tail-slap misses Ijyb.
Ijyb is moderately wounded.
Ijyb zaps a wand.
The bolt of acid hits you!
Ouch! That really hurt!
You die...

#####+#####.# #..#.# ...
........###..#.#
#####............#.#
.............###.#.#
.................#.#
#####.######..##.#'######
#####.##.......#........#
......##.......#.......)#
#####'##.......#@#'##...#
# #............#g#.≈###.#
# #.......(....#.#.≈≈≈#.#
# #....).......#.#...≈###
......#†....#+##.####.#
#####.#.....# ..# #+#
#.#.....# #.# #.#.....+
..# #.#.....#


You could see Ijyb (blind).

Vanquished Creatures
  Sigmund (D:2)
  2 howler monkeys
  The ghost of hilaritas the Charlatan, a weakling SpAr (D:3)
  A hound (D:4)
  A worker ant zombie (D:3)
  An adder (D:4)
  8 gnolls
  3 worms
  A dart slug (D:2)
  4 leopard geckos
  4 orcs
  5 bats
  8 giant cockroaches
  5 goblins
  3 hobgoblins (D:1)
  2 jackals (D:4)
  A quokka (D:2)
  2 frilled lizards (D:3)
  5 kobolds
  7 rats
65 creatures vanquished.

Notes
Turn   | Place    | Note
-------+----------+-------------------------------------------
     0 | D:1      | gobwax the Draconian Conjurer began the quest for the Orb.
     0 | D:1      | Reached XP level 1. HP: 14/14 MP: 3/3
   315 | D:1      | Reached XP level 2. HP: 20/20 MP: 3/5
  1031 | D:2      | Reached XP level 3. HP: 23/26 MP: 1/6
  1285 | D:2      | Found an iron altar of Okawaru.
  1377 | D:2      | Noticed Sigmund
  1471 | D:3      | Learned a level 2 spell: Searing Ray
  1475 | D:3      | Learned a level 3 spell: Dazzling Spray
  1475 | D:3      | Gained mutation: You are weak. (Str -2) [potion of mutation]
  1475 | D:3      | Gained mutation: You can translocate small distances at will. [potion of mutation]
  1475 | D:3      | Gained mutation: You have a pair of small antennae on your head. [potion of mutation]
  1475 | D:3      | Gained mutation: You passively map a small area around you. [potion of mutation]
  1476 | D:3      | Lost mutation: You can translocate small distances at will. [potion of mutation]
  1476 | D:3      | Lost mutation: You are weak. (Str -2) [potion of mutation]
  1476 | D:3      | Lost mutation: You passively map a small area around you. [potion of mutation]
  1476 | D:3      | Lost mutation: You have a pair of small antennae on your head. [potion of mutation]
  1476 | D:3      | Gained mutation: You are robust. (+10% HP) [potion of mutation]
  1476 | D:3      | Gained mutation: You have large cloven feet. [potion of mutation]
  1541 | D:2      | Killed Sigmund
  1541 | D:2      | Reached skill level 5 in Conjurations
  1541 | D:2      | Reached XP level 4. HP: 26/36 MP: 0/8
  1541 | D:2      | Reached XP level 5. HP: 30/41 MP: 0/9
  1578 | D:3      | Found an ancient bone altar of Kikubaaqudgha.
  1579 | D:3      | Found a blossoming altar of Fedhas.
  1673 | D:3      | Found a stormy altar of Qazlal.
  1803 | D:3      | Noticed hilaritas's ghost (weakling SpAr)
  2403 | D:3      | Killed hilaritas's ghost
  2509 | D:3      | Lost mutation: You have large cloven feet. [potion of mutation]
  2509 | D:3      | Lost mutation: You are robust. (+10% HP) [potion of mutation]
  2509 | D:3      | Gained mutation: You have large cloven feet. [potion of mutation]
  2509 | D:3      | Gained mutation: You are agile. (Dex +2) [potion of mutation]
  2509 | D:3      | Gained mutation: Your flesh is heat resistant. (rF+) [potion of mutation]
  2509 | D:3      | Gained mutation: You have hoof-like feet. [potion of mutation]
  2533 | D:3      | Reached skill level 6 in Conjurations
  2533 | D:3      | Reached XP level 6. HP: 42/45 MP: 6/11
  3332 | D:3      | Learned a level 4 spell: Iskenderun's Mystic Blast
  3680 | D:4      | Noticed Ijyb
  3689 | D:4      | Killed from afar by Ijyb

Skill      XL: |  1  2  3  4  5  6 |
---------------+-------------------+-----
Stealth        | 2 |  2.5
Spellcasting   | 3 4 |  4.3
Conjurations   | 5 6 |  6.6
Dodging        | |  1.9
Unarmed Combat | |  0.6

Action                   |  1- 3 |  4- 6 || total
-------------------------+-------+-------++-------
Melee: Unarmed           |    22 |    20 ||    42
       Tailslap          |     4 |     2 ||     6
       Kick              |     4 |     4 ||     8
 Cast: Magic Dart        |    65 |    67 ||   132
       Searing Ray       |       |    13 ||    13
       Dazzling Spray    |       |     2 ||     2
  Use: Potion            |     8 |     1 ||     9
 Stab: Invisible         |     1 |       ||     1
  Eat: Chunk             |     2 |     7 ||     9
       Fruit             |       |     1 ||     1
Armor: Skin              |     3 |    12 ||    15
Dodge: Dodged            |    24 |    37 ||    61
